 Dungeon Crawl Stone Soup version 0.28-a0-1143-gcf6077d4cc (webtiles) character file.

Game seed: 7938141335876424915

63 flotson the Ducker (level 3, 0/28 HPs)
             Began as a Demonspawn Gladiator on Dec 14, 2021.
             Slain by Natasha (7 damage)
             ... on level 2 of the Dungeon.
             The game lasted 00:01:33 (1215 turns).

flotson the Ducker (Demonspawn Gladiator)           Turns: 1215, Time: 00:01:34

Health: 0/28       AC:  4    Str: 16    XL:     3   Next: 89%
Magic:  3/3        EV: 12    Int:  9    God:
Gold:   48         SH:  0    Dex: 14    Spells: 2/2 levels left

rFire   . . .      SeeInvis .   a - +0 war axe
rCold   . . .      Faith    .   (no shield)
rNeg    . . .      Spirit   .   b - +0 leather armour
rPois   .          Reflect  .   c - +0 helmet
rElec   .          Harm     .   (no cloak)
rCorr   .          Rampage  .   (no gloves)
Will    .....                   (no boots)
Stlth   +.........              (no amulet)
HPRegen 0.09/turn               (no ring)
MPRegen 0.08/turn               (no ring)

@: no status effects
A: demonic magic 1, demonic touch 1
a: no special abilities


You were on level 2 of the Dungeon.
You visited 1 branch of the dungeon, and saw 2 of its levels.

You collected 48 gold pieces.

Inventory:

Hand Weapons
 a - a +0 war axe (weapon)
Missiles
 d - 3 throwing nets (quivered)
Armour
 b - a +0 leather armour (worn)
 c - a +0 helmet (worn)
Jewellery
 g - a +6 ring of intelligence
Scrolls
 h - a scroll of identify {unknown}
Potions
 e - a potion of mutation {unknown}
 f - a potion of curing {unknown}


   Skills:
 + Level 2.6 Fighting
 - Level 2.6 Axes
 + Level 2.4 Throwing
 + Level 1.3 Armour
 + Level 3.2 Dodging


You had 2 spell levels left.
You didn't know any spells.
Your spell library contained the following spells:

 Spells                   Type           Power      Damage    Failure   Level
 Gell's Gravitas          Tloc           0%         N/A       83%         3
 Teleport Other           Tloc           0%         N/A       83%         3
 Dispersal                Tloc           0%         N/A       100%        6


Dungeon Overview and Level Annotations

Branches:
Dungeon (2/15)

Altars:

Annotations:
D:2 Natasha


Innate Abilities, Weirdness & Mutations

Spells you cast may paralyse adjacent enemies.
Your touch may inflict minor irresistible damage on your foes.


Message History

g - a +6 ring of intelligence;
h - a scroll labelled MUAKKA RUHA
Items here: (( ) ††.
Natasha, Servant of Life and Death comes into view.
She is carrying a wand of digging (4).
Natasha wildly gestures.
Natasha shimmers violently.
You closely miss Natasha.
You touch Natasha.
Natasha is moderately wounded.
Natasha barely misses you.
You barely miss Natasha.
You touch Natasha.
Natasha is heavily wounded.
Natasha casts a spell at you. The magic dart hits you.
Natasha closely misses you.
You barely miss Natasha.
Natasha is heavily wounded.
Natasha mewls in sadness.
Natasha claws you.
You miss Natasha.
Natasha is heavily wounded.
Natasha claws you.
You are too injured to fight recklessly!
You are too injured to fight recklessly!
You are too injured to fight recklessly!
You are too injured to fight recklessly!
You are too injured to fight recklessly!
You are too injured to fight recklessly!
You closely miss Natasha.
You touch Natasha.
Natasha is severely wounded.
Natasha mumbles some strange words.
Natasha stares at you and mumbles some strange words.
You resist with significant effort.
You closely miss Natasha. Your touch misses Natasha.
Natasha is severely wounded.
Natasha claws you but does no damage.
You hit Natasha.
Natasha is almost dead.
Natasha stares at you and mumbles some strange words.
The magic dart hits you!
* * * LOW HITPOINT WARNING * * *
Natasha claws you!
You die...

#.# #.# .# #.# #.#
.# # #.# #.# .#
#.#.# #.# ##.#
....#######.####..#
......##..........#
......)..#######.##
....#.#### #.#
....#.# #@# #####.#
#h# #.# #5# #.# #.#
#.# #.# #.# #.# #.#
#.#


You could see an iron imp (summoned) and Natasha.

Vanquished Creatures
  2 adders (D:2)
  2 dart slugs (D:1)
  3 endoplasms
  2 giant cockroaches (D:1)
  4 hobgoblins
  7 jackals (D:1)
  2 quokkas (D:1)
  2 ball pythons (D:1)
  4 bats
  3 frilled lizards (D:1)
  3 goblins (D:1)
  3 kobolds
  2 rats
39 creatures vanquished.

Notes
Turn   | Place    | Note
-------+----------+-------------------------------------------
     0 | D:1      | flotson the Demonspawn Gladiator began the quest for the
                  | Orb.
     0 | D:1      | Reached XP level 1. HP: 16/16 MP: 1/1
   345 | D:1      | Gained mutation: Your touch may inflict minor irresistible
                  | damage on your foes. [demonic ancestry]
   345 | D:1      | Reached XP level 2. HP: 15/22 MP: 2/2
   496 | D:1      | Reached skill level 3 in Dodging
   691 | D:1      | Reached skill level 1 in Armour
   695 | D:1      | Gained mutation: Spells you cast may paralyse adjacent
                  | enemies. [demonic ancestry]
   695 | D:1      | Reached XP level 3. HP: 27/28 MP: 3/3
  1205 | D:2      | Noticed Natasha
  1215 | D:2      | Slain by Natasha

Illustrated notes

Levels and vault maps discovered:
D:1:      heliophobic_arrival_dark_side_of_the_moon, layout_loops_ring,
          minmay_tromino_i2
D:2:      layout_loops_ring, uniq_natasha

Skill      XL: |  1  2 |
---------------+-------+-----
Throwing       | 2 |  2.4
Dodging        | 3 |  3.2
Armour         | 1 |  1.3
Fighting       | |  2.6
Axes           | |  2.6

Action                   || total
-------------------------++-------
Melee: War axe           ||    85
       Touch             ||    11
 Stab: Sleeping          ||     1
Armor: Leather armour    ||    33
Dodge: Dodged            ||    63

Table legend: (Time is in decaauts)
 A = Elapsed time spent in this place.
 B = Non-inter-level travel time spent in this place.
 C = Inter-level travel time spent in this place.
 D = Time resting spent in this place.
 E = Time spent auto-exploring this place.
 F = Levels seen in this place.
 G = Mean time per level.
                   A        B        C        D        E       F      G
               +--------+--------+--------+--------+--------+-----+--------+
         Total |   1245 |   1233 |     12 |      0 |   1030 |   2 |  622.5 |
       Dungeon |   1245 |   1233 |     12 |      0 |   1030 |   2 |  622.5 |
               +--------+--------+--------+--------+--------+-----+--------+

Top non-repeatable levels by time:
     D:1: 1058 daAuts
     D:2: 187 daAuts
